 Dungeon Crawl Stone Soup version 0.27-a0-1322-gfdffb62a71 (webtiles) character file.

Game seed: 5911037440417227202

32 sanka the Sneak (level 3, 0/26 HPs)
             Began as an Octopode Delver on June 22, 2021.
             Succumbed to a scorpion's poison
             ... on level 5 of the Dungeon.
             The game lasted 00:00:53 (175 turns).

sanka the Sneak (Octopode Delver)                    Turns: 175, Time: 00:00:54

Health: 0/26       AC:  1    Str: 11    XL:     3   Next: 27%
Magic:  3/3        EV: 13    Int: 12    God:
Gold:   6          SH:  0    Dex: 14    Spells: 2/2 levels left

rFire    . . .     SeeInvis .     - Unarmed
rCold    . . .     Faith    .   (no shield)
rNeg     . . .     Spirit   .   (helmet restricted)
rPois    .         Reflect  .   (no amulet)
rElec    .         Harm     .   (no ring)
rCorr    .         Rampage  .   (no ring)
Will     .....                  (no ring)
Stlth    ++++......             (no ring)
HPRegen  0.08/turn              (no ring)
MPRegen  0.08/turn              (no ring)
                                (no ring)
                                (no ring)

@: lethally poisoned (0 -> -6)
A: almost no armour, amphibious, 8 rings, camouflage 1, gelatinous body 1,
(nimble swimmer 1), tentacles
a: no special abilities


You were on level 5 of the Dungeon.
You visited 1 branch of the dungeon, and saw 1 of its levels.

You collected 6 gold pieces.


Innate Abilities, Weirdness & Mutations

You cannot wear most types of armour.
You are amphibious.
You can wear up to eight rings at the same time.
Your skin changes colour to match your surroundings (Stealth+).
Your rubbery body absorbs attacks. (AC +1, EV +1)
((You are camouflaged near water. (Stealth+)))
You have tentacles for arms and can constrict up to eight enemies at once.


   Skills:
 + Level 3.2 Fighting
 + Level 2.3 Dodging
 + Level 6.9 Stealth
 * Level 2.7 Unarmed Combat


You had 2 spell levels left.
You didn't know any spells.
Your spell library was empty.

Inventory:

Wands
 e - a wand of digging (3)
 f - a wand of iceblast (7)
Scrolls
 a - a scroll of fog
 b - a scroll of magic mapping
 c - a scroll of fear
Potions
 d - a potion of haste {@q3}

Dungeon Overview and Level Annotations

Branches:
Dungeon (5/15)
 Temple: D:4-7

Altars:
Elyvilon

Annotations:
D:5 exclusions: phantom and sky beast

▒▒▒▒▒▒▒▒▒▒▒▒▒▒.▒.▒ ▒ ▒....
.......>.........▒.▒▒.▒ ▒....
▒.▒...................▒ ▒....
..)...s..........▒.▒▒.▒▒▒....
.......................+....
▒...<▒.......▒.▒.▒▒▒▒▒▒....
..▒...▒▒..▒....▒.▒...▒ ▒....
..........▒▒▒▒▒▒.▒.▒▒▒▒▒▒▒'▒.
▒▒▒▒▒.....osx....▒...........
......▒.▒▒▒▒▒▒▒▒▒▒▒▒▒▒▒▒▒▒▒..
▒▒▒▒.▒▒.....(.. ...)..... ▒.
......... ▒▒▒▒▒▒▒▒. ▒
▒.=....... ▒. ▒..£...... ▒.
▒......... ▒. +.....oF.. ▒▒
▒......... ▒


You could see a scorpion and an orc.


Message History

You are poisoned.
The scorpion poisons you!
You tentacle-slap the scorpion but do no damage.
Your grab misses the scorpion.
* * * LOW HITPOINT WARNING * * *
You feel very sick. The scorpion stings you!
* * * LOW HITPOINT WARNING * * *
Unknown command.
You closely miss the scorpion. Your grab misses the scorpion.
You squeeze the scorpion!
The scorpion is heavily wounded.
* * * LOW HITPOINT WARNING * * *
You feel sick. The scorpion misses you. The scorpion closely misses you.
You barely miss the scorpion. Your grab misses the scorpion.
The scorpion is heavily wounded.
* * * LOW HITPOINT WARNING * * *
You feel sick.
The scorpion stings you but does no damage.
Unknown command.
You closely miss the scorpion. You grab the scorpion. You squeeze the scorpion.
The scorpion is severely wounded.
You constrict the scorpion.
You die...

Action                   || total
-------------------------++-------
Melee: Unarmed           ||    19
       Constrict         ||     5
       Tentacles         ||     5
 Stab: Sleeping          ||     1
Armor: Skin              ||     1
Dodge: Dodged            ||    12

Levels and vault maps discovered:
D:5:      layout_basic, kennysheep_little_box, lemuel_flamethrower_1

Notes
Turn   | Place    | Note
-------+----------+-------------------------------------------
     0 | D:5      | sanka the Octopode Delver began the quest for the Orb.
     0 | D:5      | Reached XP level 1. HP: 16/16 MP: 1/1
    16 | D:5      | Reached XP level 2. HP: 21/21 MP: 2/2
    32 | D:5      | Found a white marble altar of Elyvilon.
    52 | D:5      | Noticed a sky beast
    81 | D:5      | Reached XP level 3. HP: 22/26 MP: 3/3
   133 | D:5      | Noticed a phantom
   152 | D:5      | Noticed a scorpion
   163 | D:5      | Noticed a scorpion
   164 | D:5      | Noticed a bullfrog
   174 | D:5      | HP: 2/26 [poisoned by a scorpion]
   175 | D:5      | Succumbed to a scorpion's poison

Vanquished Creatures
  A hound skeleton (D:5)
  2 adders (D:5)
  A quokka (D:5)
4 creatures vanquished.

Vanquished Creatures (others)
  An iguana (D:5)
1 creature vanquished.

Grand Total: 5 creatures vanquished
